 Dungeon Crawl Stone Soup version 0.31-a0-234-gad7ace16ef (webtiles) character file.

Game seed: 10599915062916537536

490 qw the Shooter (level 6, -2/52 HPs)
             Began as a Minotaur Hexslinger on July 9, 2023.
             Succumbed to a gnoll's poison
             ... on level 4 of the Dungeon.
             The game lasted 00:01:12 (2893 turns).

qw the Shooter (Minotaur Hexslinger)                Turns: 2893, Time: 00:01:13

Health: -2/52      AC: 14    Str: 12    XL:     6   Next: 90%
Magic:  6/6        EV: 11    Int: 10    God:
Gold:   38         SH:  0    Dex: 15    Spells: 6/7 levels left

rFire   . . .        Y - +2 sling
rCold   + . .        (no shield)
rNeg    . . .        n - +0 ring mail {rC+}
rPois   .            (helmet restricted)
rElec   .            (no cloak)
rCorr   .            l - +0 pair of gloves
SInv    .            a - +3 pair of seven-league boots {Rampage+∞}
Will    .....        (no amulet)
Stlth   +            g - +4 ring of protection
HPRegen 0.28/turn    (no ring)
MPRegen 0.10/turn

%: rampage+inf
@: lethally poisoned (-2 -> -29), about to teleport
A: horns 2, retaliatory headbutt
a: no special abilities


You were on level 4 of the Dungeon.
You visited 2 branches of the dungeon, and saw 5 of its levels.

You collected 224 gold pieces.
You spent 186 gold pieces at shops.


Innate Abilities, Weirdness & Mutations

You have a pair of horns on your head.
You reflexively headbutt those who attack you in melee.


   Skills:
 - Level 4.1 Fighting
 - Level 7.0 Ranged Weapons
 + Level 1.8 Armour
 - Level 2.1 Dodging
 - Level 1.0 Spellcasting
 - Level 2.0 Hexes


You had 6 spell levels left.
You knew the following spells:

 Your Spells              Type           Power      Damage    Failure   Level
a - Slow                  Hex            16%        N/A       32%         1

Your spell library contained the following spells:

 Spells                   Type           Power      Damage    Failure   Level
 Inner Flame              Hex/Fire       2%         N/A       83%         3
 Portal Projectile        Hex/Tloc       4%         N/A       83%         3
 Cause Fear               Hex            2%         N/A       97%         4

Inventory:

Hand Weapons
 Y - a +2 sling (weapon)
Armour
 a - the +3 pair of seven-league boots (worn) {Rampage+∞}
   (You acquired it on level 2 of the Dungeon)

   Rampage+∞: When moving toward enemies, its wearer moves as far as possible,
   alerting their target en route.
 l - a +0 pair of gloves (worn)
 n - a +0 ring mail of cold resistance (worn)
Jewellery
 g - a +4 ring of protection (left hand)
Scrolls
 c - a scroll of enchant armour
 m - 2 scrolls of teleportation
 q - 3 scrolls of identify
Potions
 b - a potion of attraction {unknown}
 d - 2 potions of heal wounds
 e - 3 potions of curing
 i - a potion of degeneration {unknown}
 j - 2 potions of mutation {unknown}
 k - a potion of magic {unknown}
 o - a potion of invisibility {unknown}

Dungeon Overview and Level Annotations

Branches:
Dungeon (4/15)             Temple (1/1) D:4

Altars:
Elyvilon
Gozag
Kikubaaqudgha
Nemelex Xobeh
Ru
Sif Muna
Trog
Uskayaw

Shops:
D:4 ?

Annotations:
D:3 1 runed translucent door, qw's ghost, amateur GrHs


Message History

An adder comes into view.
The gnoll hits you but does no damage. The gnoll barely misses you.
You shoot a sling bullet. The adder hisses angrily.
The sling bullet hits the gnoll.
The gnoll is almost dead.
The gnoll hits you from afar with a +1 halberd of venom.
You are poisoned.
The gnoll closely misses you.
You shoot a sling bullet.
The sling bullet barely misses the gnoll.
You feel very sick. The gnoll closely misses you.
The gnoll hits you but does no damage. x2
The gnoll hits you from afar with a +1 halberd of venom.
You are more poisoned.
You shoot a sling bullet. The sling bullet hits the gnoll.
You kill the gnoll!
You feel very sick. The gnoll hits you but does no damage.
You are more poisoned.
You shoot a sling bullet. The sling bullet misses the adder.
You feel very sick. The adder bites you but does no damage.
The gnoll hits you from afar with a +1 halberd of venom!
You are lethally poisoned!
You shoot a sling bullet.
The sling bullet closely misses the adder.
You feel extremely sick. The adder bites you but does no damage.
The gnoll closely misses you. The adder bites you.
You shoot a sling bullet.
The sling bullet barely misses the adder.
You feel very sick. The adder closely misses you.
The gnoll hits you from afar with a +1 halberd of venom.
You are more poisoned.
2893 ||| READING 3 scrolls of teleportation.
As you read the scroll of teleportation, it crumbles to dust.
You feel strangely unstable.
You die...

.....###.......8}.>.......#...#..
.##..#...#####...................
##.........###.8}.....##.#.......
.#..........##...........#.......
.#.#..........................#.#
...........................#.)###
.............)..#............).##
................#.#............<#
................@.##.......##....
..............##.S# ...... ##...
.#............###g)......#. #...
.###.......#..# .g....... #..# .#
.##....#.....#..###.. .... ...
#..... ... #.... ...g .##. ###..
.g[.. ## #. ##. #...g. #.


You could see 2 gnolls and an adder.

Vanquished Creatures
  Sigmund (D:3)
  A howler monkey (D:4)
  An orc priest (D:3)
  A hound (D:4)
  An iguana (D:4)
  An orc wizard (D:3)
  6 gnolls
  5 adders
  A worm (D:3)
  4 orcs
  9 bats
  5 endoplasms
  4 giant cockroaches
  3 hobgoblins (D:1)
  2 jackals (D:1)
  9 quokkas
  5 frilled lizards
  5 goblins
  2 kobolds (D:4)
  9 rats
75 creatures vanquished.

Notes
Turn   | Place    | Note
-------+----------+-------------------------------------------
     0 | D:1      | qw the Minotaur Hexslinger began the quest for the Orb.
     0 | D:1      | Reached XP level 1. HP: 16/16 MP: 1/1
     0 | D:1      | 0 ||| qw: Version: 0.3-a-51-g015441d
     0 | D:1      | 0 ||| qw: Game counter: 4337
     0 | D:1      | 0 ||| qw: Melee chars always use a shield: true
     0 | D:1      | 0 ||| qw: God list: Okawaru
     0 | D:1      | 0 ||| qw: Allow faded altars: false
     0 | D:1      | 0 ||| qw: Do Orc after clearing Dungeon:15 true
     0 | D:1      | 0 ||| qw: Do second Lair branch before Depths: true
     0 | D:1      | 0 ||| qw: Lair rune preference: random
     0 | D:1      | 0 ||| qw: Goals: Normal
     0 | D:1      | 0 ||| PLANNING D:1-11
   148 | D:1      | Reached skill level 3 in Ranged Weapons
   240 | D:1      | Reached XP level 2. HP: 21/23 MP: 2/2
   525 | D:1      | 525 ||| UPGRADING to +0 pair of gloves.
   530 | D:1      | 530 ||| UPGRADING to +4 ring of protection.
   531 | D:1      | 531 ||| READING scroll labelled ETEADI LAUC.
   532 | D:1      | 532 ||| READING 3 scrolls labelled RYIQEYF GOCS.
   533 | D:1      | 533 ||| READING scroll labelled WEIGOG KAI.
   534 | D:1      | 534 ||| DRINKING 3 fizzy black potions.
   535 | D:1      | 535 ||| DROPPING scroll of poison.
   536 | D:1      | 536 ||| DROPPING 2 scrolls of fog.
   671 | D:2      | Reached XP level 3. HP: 29/29 MP: 3/3
   825 | D:2      | Reached skill level 4 in Ranged Weapons
  1273 | D:2      | 1273 ||| UPGRADING to +0 ring mail of cold resistance.
  1283 | D:2      | 1283 ||| DROPPING +0 robe.
  1284 | D:2      | 1284 ||| READING scroll labelled OFAVVO DARATS.
  1285 | D:2      | 1285 ||| READING scroll labelled UNUDUH KUERE.
  1288 | D:2      | 1288 ||| READING scroll labelled MEVOMY WYONEACISCHU.
  1288 | D:2      | Identified a scroll of acquirement
  1288 | D:2      | 1288 ||| ACQUIRING +3 pair of seven-league boots
                  | {Rampage+∞}
  1288 | D:2      | Acquired the +3 pair of seven-league boots {Rampage+∞}
  1288 | D:2      | Found the +3 pair of seven-league boots {Rampage+∞}
  1290 | D:2      | 1290 ||| UPGRADING to +3 pair of seven-league boots
                  | {Rampage+∞}.
  1295 | D:2      | 1295 ||| DRINKING 3 amethyst potions.
  1312 | D:3      | 1312 ||| PLANNING SEWER
  1427 | D:3      | Reached skill level 1 in Armour
  1427 | D:3      | Reached XP level 4. HP: 31/36 MP: 4/4
  1541 | D:3      | 1541 ||| DRINKING 2 potions of curing.
  1541 | D:3      | 1541 ||| (to cure confusion)
  1543 | D:3      | Reached skill level 5 in Ranged Weapons
  1546 | D:3      | Reached XP level 5. HP: 31/42 MP: 5/5
  1689 | D:3      | Reached skill level 3 in Fighting
  1692 | D:3      | Found a faded altar of an unknown god.
  1722 | D:3      | Found a hide-covered altar of Uskayaw.
  1725 | D:3      | Noticed a +0 dagger
  1727 | D:3      | Noticed a +0 hand axe
  1802 | D:3      | Noticed Sigmund
  1817 | D:3      | Killed Sigmund
  1818 | D:3      | Reached skill level 6 in Ranged Weapons
  1818 | D:3      | Reached XP level 6. HP: 33/51 MP: 6/6
  1896 | D:3      | Found a runed translucent door.
  1899 | D:3      | Noticed qw's ghost (amateur GrHs)
  2078 | D:3      | 2078 ||| Stepping ~*~*~tactically~*~*~ (water).
  2080 | D:3      | Found a glowing drain.
  2401 | D:3      | 2401 ||| RIP SEWER
  2401 | D:3      | 2401 ||| PLANNING D:1-11
  2401 | D:3      | 2401 ||| READING scroll labelled VANIHU LYARE.
  2402 | D:3      | 2402 ||| READING scroll labelled SAYSUSCH GINAMM.
  2403 | D:3      | 2403 ||| DRINKING 2 clear potions.
  2446 | D:3      | 2446 ||| READING 3 scrolls of identify.
  2446 | D:3      | 2446 ||| IDENTIFYING fuming brown potion
  2447 | D:3      | 2447 ||| READING 2 scrolls of identify.
  2447 | D:3      | 2447 ||| IDENTIFYING blue potion
  2448 | D:3      | 2448 ||| DROPPING potion of berserk rage.
  2449 | D:3      | 2449 ||| DROPPING potion of ambrosia.
  2450 | D:3      | 2450 ||| DROPPING potion of lignification.
  2489 | D:4      | Found a staircase to the Ecumenical Temple.
  2490 | D:4      | 2490 ||| PLANNING TEMPLE
  2501 | Temple   | Entered the Ecumenical Temple
  2538 | Temple   | 2538 ||| PLANNING D:1-11
  2728 | D:4      | Reached skill level 7 in Ranged Weapons
  2862 | D:4      | Found Osuehoat's Magic Scroll Shoppe.
  2878 | D:4      | 2878 ||| BUYING scroll of enchant armour (90 gold).
  2878 | D:4      | Bought a scroll of enchant armour for 90 gold pieces
  2878 | D:4      | 2878 ||| BUYING scroll of identify (24 gold).
  2878 | D:4      | Bought a scroll of identify for 24 gold pieces
  2878 | D:4      | 2878 ||| BUYING scroll of teleportation (36 gold).
  2878 | D:4      | Bought a scroll of teleportation for 36 gold pieces
  2878 | D:4      | 2878 ||| BUYING scroll of teleportation (36 gold).
  2878 | D:4      | Bought a scroll of teleportation for 36 gold pieces
  2878 | D:4      | 2878 ||| Stepping ~*~*~tactically~*~*~ (outnumbered).
  2892 | D:4      | HP: 8/52 [poisoned by a gnoll]
  2892 | D:4      | HP: 3/52 [gnoll/+1 halberd of venom (5)]
  2893 | D:4      | 2893 ||| READING 3 scrolls of teleportation.
  2893 | D:4      | Succumbed to a gnoll's poison

Levels and vault maps discovered:
D:1:      spicycebolla_arrival_xxxplode, layout_loops_ring
D:2:      layout_loops_ring, dk_vineyard_2, minmay_gold_behind_fungi,
          small_statue_intersection
D:3:      layout_basic, dancing_weapons_uskayaw, gup_sewer_entry_pipe,
          basic_ecumenical_altar, ebering_ghost_sewer_d, uniq_sigmund
D:4:      layout_cave_pools, nicolae_vehumet_radiance,
          minmay_temple_entry_drinking_statues, serial_shops, shop,
          corexii_hall_statues_deadend, uniq_blork_the_orc
Temple:   nicolae_temple_ecumenical_triangle

Skill      XL: |  1  2  3  4  5  6 |
---------------+-------------------+-----
Ranged Weapons | 3 4 5 6 7 |  7.0
Fighting       | 2 3 4 |  4.1
Armour         | 1 |  1.8
Dodging        | |  2.1
Spellcasting   | |  1.0
Hexes          | |  2.0

Action                     |  1- 3 |  4- 6 || total
---------------------------+-------+-------++-------
   Fire: Sling             |    98 |   146 ||   244
    Use: Scroll            |     6 |     5 ||    11
         Potion            |     2 |     2 ||     4
 Armour: Robe              |    24 |       ||    24
         Ring mail         |     1 |    41 ||    42
  Dodge: Dodged            |    25 |    51 ||    76

Table legend:
 A = Non-vault XP
 B = Vault XP
 C = Vault XP percentage of total XP
 D = Non-vault monster count
 E = Vault monster count
 F = Vault count percentage of total count
                 A         B        C        D         E       F
            +---------+---------+-------+---------+---------+-------
      Total |     452 |     249 |  35.5 |      69 |       6 |   8.0
            +---------+---------+-------+---------+---------+-------
        D:1 |      24 |       0 |   0.0 |      17 |       0 |   0.0
        D:2 |      60 |       0 |   0.0 |      16 |       0 |   0.0
        D:3 |     167 |     249 |  59.9 |      23 |       6 |  20.7
        D:4 |     201 |       0 |   0.0 |      13 |       0 |   0.0
            +---------+---------+-------+---------+---------+-------
